 Dungeon Crawl Stone Soup version 0.21.1-1-g345015f (webtiles) character file.

833 vatarom the Insei (level 7, -13/57 HPs)
             Began as a Naga Transmuter on May 5, 2018.
             Mangled by a two-headed ogre
             ... wielding a +0 giant club
              (32 damage)
             ... on level 5 of the Dungeon.
             The game lasted 00:09:14 (4500 turns).

vatarom the Insei (Naga Transmuter)                 Turns: 4500, Time: 00:09:16

Health: -13/57     AC:  2    Str: 12    XL:     7   Next: 98%
Magic:  7/10       EV: 19    Int: 14    God:
Gold:   256        SH:  0    Dex: 18    Spells: 4/10 levels left

rFire    + . .     SeeInvis +     - Unarmed
rCold    . . .     Gourm    .   (shield currently unavailable)
rNeg     . . .     Faith    .   (armour currently unavailable)
rPois    x         Spirit   .   (helmet currently unavailable)
rElec    .         Reflect  .   (cloak currently unavailable)
rCorr    .         Harm     +   (gloves currently unavailable)
MR       .....                  (no barding)
Stlth    ++........             m - amulet of harm
HPRegen  0.19/turn              y - ring of wizardry
MPRegen  0.12/turn              u - ring of protection from fire

@: spider-form (expiring)
A: tiny, see invisible, slow metabolism 1, spit poison 1, AC +2
a: Spit Poison, End Transformation


You were on level 5 of the Dungeon.
You were hungry.
You were a venomous arachnid creature.
You visited 1 branch of the dungeon, and saw 5 of its levels.

You collected 256 gold pieces.

Inventory:

Missiles
 a - 95 arrows
Armour
 D - the cursed +0 scale mail "Lahascheyng" (melded) {rF+ rCorr Slay+2}
   (You found it on level 5 of the Dungeon)

   It affects your accuracy and damage with ranged weapons and melee attacks
   (+2).
   It protects you from fire.
   It protects you from acid and corrosion.
   It has a curse placed upon it.
Jewellery
 m - an amulet of harm (around neck)
 p - an uncursed ring of resist corrosion
 u - a ring of protection from fire (right front leg)
 y - a ring of wizardry (left front leg)
Wands
 w - a wand of digging (11)
 z - a wand of polymorph (10)
Scrolls
 e - a scroll of magic mapping {unknown}
 g - 2 scrolls of noise {unknown}
 h - 3 scrolls of remove curse {unknown}
 j - a scroll of enchant weapon {unknown}
 k - 4 scrolls of identify {unknown}
 n - a scroll of fog {unknown}
 o - a scroll of enchant armour {unknown}
 r - a scroll of random uselessness {unknown}
 v - 4 scrolls of teleportation
 A - a scroll of fear
Potions
 f - a potion of haste {unknown}
 i - 2 potions of curing {unknown}
 l - 3 potions of flight {unknown}
 q - a potion of magic {unknown}
 s - a potion of degeneration {unknown}
 t - 2 potions of might {unknown}
 x - 2 potions of heal wounds {unknown}
 B - a potion of mutation {unknown}
Books
 c - a book of Changes

   Spells                             Type                      Level
   a - Beastly Appendage              Transmutation                1
   b - Sticks to Snakes               Transmutation                2
   c - Spider Form                    Transmutation/Poison         3
   d - Ice Form                       Ice/Transmutation            4
   e - Blade Hands                    Transmutation                5
Comestibles
 d - 6 rations
 C - 3 chunks of flesh


   Skills:
 - Level 1.0 Fighting
 - Level 1.5 Dodging
 * Level 7.7 Unarmed Combat
 - Level 2.0 Spellcasting
 + Level 5.2 Transmutations


You had 4 spell levels left.
You knew the following spells:

 Your Spells              Type           Power        Failure   Level  Hunger
a - Beastly Appendage     Tmut           ###...       4%          1    ##.....
b - Sticks to Snakes      Tmut           ###.....     5%          2    ###....
c - Spider Form           Tmut/Pois      #.........   21%         3    ####...


Dungeon Overview and Level Annotations

Branches:
Dungeon (5/15)
 Temple: D:4-7

Altars:
Ashenzari
Dithmenos


Innate Abilities, Weirdness & Mutations

You cannot wear boots.
((Your serpentine skin is tough. (AC +2)))
You have supernaturally acute eyesight. (SInv)
((Armour fits poorly on your strangely shaped body.))
((Your system is resistant to poisons. (rPois)))
((You cover ground very slowly.))
You have a slow metabolism.
You can spit poison.


Message History

The two-headed ogre is lightly wounded.
The two-headed ogre hits you with a giant club!!
The two-headed ogre completely misses you.
You bite the two-headed ogre!
The two-headed ogre looks as sick as possible!
The two-headed ogre is moderately wounded.
You have got your breath back.
The two-headed ogre closely misses you.
The two-headed ogre completely misses you.
You hit the two-headed ogre but do no damage.
The two-headed ogre looks as sick as possible!
The two-headed ogre is heavily wounded.
Your transformation is almost over.
You bite the two-headed ogre!
The two-headed ogre looks as sick as possible!
The two-headed ogre is almost dead.
The two-headed ogre hits you with a giant club!
The two-headed ogre hits you with a giant club!!
Ouch! That really hurt!
You die...

#............)................#.#
#...#.(##...#รท#.....#.....<.###.#
###......................#...##.#
..######.#..#...............#.#
.## #.##.#.....#......##....
#............##...# #...
######.......##.#.. ..#.
#......###.#.. ..#. #.s....#
........ . #.....O.......
.....#...#....# ..##...%....... .
###..##...## .... ..## .... ..
#..## ...


You could see a two-headed ogre.

Vanquished Creatures
  The ghost of Wander the Changer, a novice OpTm (D:4)
  Sigmund (D:3)
  An ogre (D:5)
  A centaur zombie (D:5)
  Jessica (D:2)
  Natasha (thrice) (D:3)
  2 worker ants
  A hound skeleton (D:4)
  6 adders
  A shadow imp (D:5)
  An ooze (D:1)
  An adder skeleton (D:4)
  3 worms
  3 dart slugs
  6 leopard geckos
  9 orcs
  3 giant cockroaches
  4 goblins (D:1)
  3 hobgoblins
  3 jackals (D:3)
  9 kobolds
  2 ball pythons
  8 bats
  2 frilled lizards
  A leopard gecko zombie (D:5)
  A quokka skeleton (D:4)
  3 rats
80 creatures vanquished.

Vanquished Creatures (collateral kills)
  A ball python (D:4)
  A goblin (D:1)
2 creatures vanquished.

Grand Total: 82 creatures vanquished

Notes
Turn   | Place    | Note
-------+----------+-------------------------------------------
     0 | D:1      | vatarom the Naga Transmuter began the quest for the Orb.
     0 | D:1      | Reached XP level 1. HP: 18/18 MP: 3/3
   108 | D:1      | Reached XP level 2. HP: 6/25 MP: 3/5
   426 | D:1      | Learned a level 2 spell: Sticks to Snakes
   889 | D:1      | Reached XP level 3. HP: 31/31 MP: 6/6
  1235 | D:2      | Reached skill level 4 in Unarmed Combat
  1504 | D:2      | Reached XP level 4. HP: 35/38 MP: 7/7
  1680 | D:2      | Noticed Jessica
  1688 | D:2      | Killed Jessica
  1699 | D:2      | Learned a level 3 spell: Spider Form
  1821 | D:2      | Reached XP level 5. HP: 44/44 MP: 6/8
  1875 | D:2      | Reached skill level 5 in Unarmed Combat
  2310 | D:3      | Found a shattered altar of Ashenzari.
  2558 | D:3      | Found a shadowy altar of Dithmenos.
  2640 | D:3      | Noticed Natasha
  2653 | D:3      | Killed Natasha
  2934 | D:3      | Noticed Sigmund
  2941 | D:3      | Killed Sigmund
  2941 | D:3      | Reached skill level 6 in Unarmed Combat
  2941 | D:3      | Reached XP level 6. HP: 20/51 MP: 5/9
  3181 | D:3      | Noticed Natasha
  3186 | D:3      | Killed Natasha
  3241 | D:3      | Found a faded altar of an unknown god.
  3355 | D:3      | Noticed Natasha
  3367 | D:3      | Killed Natasha
  3460 | D:4      | Noticed Wander's ghost (novice OpTm)
  3681 | D:4      | Killed Wander's ghost
  3681 | D:4      | Reached skill level 7 in Unarmed Combat
  3681 | D:4      | Reached XP level 7. HP: 34/57 MP: 7/10
  4005 | D:4      | Reached skill level 5 in Transmutations
  4356 | D:5      | Entered Level 5 of the Dungeon
  4461 | D:5      | Got a brightly glowing scale mail
  4472 | D:5      | Identified the cursed +0 scale mail "Lahascheyng" {rF+ rCorr Slay+2} (You found it on level 5 of the Dungeon)
  4492 | D:5      | Noticed a two-headed ogre
  4500 | D:5      | Mangled by a two-headed ogre

Skill      XL: |  1  2  3  4  5  6  7 |
---------------+----------------------+-----
Unarmed Combat | 4 6 7 |  7.7
Transmutations | 3 4 5 |  5.2
Fighting       | |  1.0
Dodging        | |  1.5
Spellcasting   | |  2.0

Action                   |  1- 3 |  4- 6 |  7- 9 || total
-------------------------+-------+-------+-------++-------
Melee: Unarmed           |    49 |   120 |    50 ||   219
       Headbutt          |     2 |     1 |       ||     3
       Punch             |     1 |       |     1 ||     2
 Cast: Beastly Appendage |     5 |     4 |       ||     9
       Sticks to Snakes  |     6 |     6 |     4 ||    16
       Spider Form       |       |     6 |     2 ||     8
 Abil: Spit Poison       |     9 |     6 |     1 ||    16
  Use: Potion            |     1 |       |       ||     1
       Scroll            |       |     2 |       ||     2
 Stab: Sleeping          |       |     1 |     1 ||     2
       Distracted        |       |       |     1 ||     1
  Eat: Ration            |     1 |     1 |       ||     2
       Chunk             |       |     5 |       ||     5
Armor: Robe              |     7 |    26 |     7 ||    40
       Skin              |       |     3 |     1 ||     4
Dodge: Dodged            |    38 |    82 |    36 ||   156
